 Dungeon Crawl Stone Soup version 0.29.1-12-g30fa7ad0bf (webtiles) character file.

Game seed: 4067548088695579164

13 EarthwalkerPL the Trooper (level 2, -7/24 HPs)
             Began as a Demonspawn Abyssal Knight on Jan 13, 2023.
             Was a Believer of Lugonu.
             Mangled by a gnoll
             ... wielding a +0 whip
              (10 damage)
             ... on level 1 of the Dungeon.
             The game lasted 00:01:14 (453 turns).

EarthwalkerPL the Trooper (DsAK)                     Turns: 453, Time: 00:01:15

Health: -7/24      AC:  3    Str: 13    XL:     2   Next: 24%
Magic:  3/3        EV: 11    Int: 11    God:    Lugonu [**....]
Gold:   13         SH:  0    Dex: 13    Spells: 1/1 levels left

rFire   . . .      SeeInvis .   a - +1 hand axe
rCold   . . .      Faith    .   (no shield)
rNeg    . . .      Spirit   .   b - +0 leather armour
rPois   .          Reflect  .   (no helmet)
rElec   .          Harm     .   (no cloak)
rCorr   .          Rampage  .   (no gloves)
Will    .....                   (no boots)
Stlth   +.........              (no amulet)
HPRegen 0.08/turn               (no ring)
MPRegen 0.16/turn               (no ring)

@: no status effects
A: magic regeneration
a: Renounce Religion, Depart the Abyss, Bend Space


You were on level 1 of the Dungeon.
You worshipped Lugonu.
Lugonu was pleased with you.
You visited 1 branch of the dungeon, and saw 1 of its levels.
You visited the Abyss 1 time.

You collected 13 gold pieces.

Inventory:

Hand Weapons
 a - a +1 hand axe (weapon)
Missiles
 c - 5 boomerangs
Armour
 b - a +0 leather armour (worn)
Scrolls
 d - 3 scrolls of fear {unknown}
 f - a scroll of immolation {unknown}
Potions
 e - a potion of lignification {unknown}


   Skills:
 * Level 3.2 Fighting
 * Level 2.1 Axes
 * Level 2.1 Armour
 + Level 1.0 Dodging
 - Level 2.4 Invocations


You had one spell level left.
You didn't know any spells.
Your spell library was empty.

Dungeon Overview and Level Annotations

Branches:
Dungeon (1/15)

Altars:


Innate Abilities, Weirdness & Mutations

You regenerate magic rapidly.


Message History

The gnoll is heavily wounded.
The gnoll hits you with a +0 whip.
You hit the gnoll but do no damage.
The gnoll is heavily wounded.
The gnoll closely misses you. The gnoll hits you with a +0 whip!
You are too injured to fight recklessly!
You are too injured to fight recklessly!
You are too injured to fight recklessly!
You are too injured to fight recklessly!
You are too injured to fight recklessly!
You are too injured to fight recklessly!
You are too injured to fight recklessly!
You are too injured to fight recklessly!
You are too injured to fight recklessly!
You are too injured to fight recklessly!
You are too injured to fight recklessly!
You are too injured to fight recklessly!
You are too injured to fight recklessly!
You are too injured to fight recklessly!
You are too injured to fight recklessly!
Unknown command.
You hit the gnoll but do no damage.
The gnoll is heavily wounded.
The gnoll hits you with a +0 whip.
* * * LOW HITPOINT WARNING * * *
You hit the gnoll.
The gnoll is heavily wounded.
The gnoll barely misses you.
You hit the gnoll but do no damage.
The gnoll is heavily wounded.
The gnoll hits you with a +0 whip.
* * * LOW HITPOINT WARNING * * *
You closely miss the gnoll.
The gnoll is heavily wounded.
The gnoll hits you with a +0 whip.
* * * LOW HITPOINT WARNING * * *
You closely miss the gnoll.
The gnoll is heavily wounded.
The gnoll hits you with a +0 whip!
You die...

..###.#... .#......#
.......
....#..##.......
#+##...#..##.......
#####......#..##.......
.......................
#>...................
#######.#.#....#..#....
#....g@................
#....##.#.##...#..####.
#... #.#.##.........#
#.. #..............#
#.. #..[...........##
#. .................. #
.#.............##.
#...##..##..####. .....
#..##..# #.


You could see a gnoll.

Vanquished Creatures
  A ball python (D:1)
  2 endoplasms (D:1)
  2 goblins (D:1)
  2 hobgoblins (D:1)
  A quokka (D:1)
  A bat (D:1)
  2 rats (D:1)
11 creatures vanquished.

Notes
Turn   | Place    | Note
-------+----------+-------------------------------------------
     0 | Abyss:1  | EarthwalkerPL the Demonspawn Abyssal Knight began the quest
                  | for the Orb.
     0 | Abyss:1  | Reached XP level 1. HP: 18/18 MP: 2/2
     1 | D:1      | Escaped the Abyss
   132 | D:1      | Reached skill level 1 in Dodging
   328 | D:1      | Gained mutation: You regenerate magic rapidly. [demonic
                  | ancestry]
   328 | D:1      | Reached XP level 2. HP: 24/24 MP: 3/3
   453 | D:1      | Mangled by a gnoll

Illustrated notes

Levels and vault maps discovered:
D:1:      elethiomel_arrival_infinity_welcomes_careful_drivers, layout_basic

Skill      XL: |  1 |
---------------+----+-----
Dodging        | 1 |  1.0
Armour         | 2 |  2.1
Axes           | 2 |  2.1
Fighting       | |  3.2
Invocations    | |  2.4

Action                   || total
-------------------------++-------
Melee: Hand axe          ||    40
Armor: Leather armour    ||     7
Dodge: Dodged            ||    20
